Map: Efflorescence LE

Players

ButterMyDeek

  • Race: Zerg Zerg
  • Spawn Location: 9:00

butterbuck

  • Race: Protoss Protoss
  • Spawn Location: 6:00

Throwfordays - Winner!

  • Race: Protoss Protoss
  • League: Silver
  • Spawn Location: 3:00

Faust - Winner!

  • Race: Zerg Zerg
  • League: Diamond
  • Spawn Location: 12:00

VOD

Have the link to the VOD?

Description

Time

  • Played on: May 5, 2019, 11:27 p.m.
  • Length: 14:05
Show
View Real Time Build Order
Export as new Build Order

ButterMyDeek Zerg 

Build Orders: Pool First 

Get SALT Encoding   

  12  0:03  Drone  
  13  0:10  Drone  
  14  0:20  Overlord  
  14  0:37  Extractor, Drone  
  14  0:40  Drone  
  14  0:41  Drone  
  16  0:49  Drone  
  17  1:03  Spawning Pool, Drone  
  17  1:11  Drone  
  18  1:21  Drone  
  19  1:35  Drone  
  20  1:47  Drone, Evolution Chamber  
  20  1:52  Queen  
  22  1:54  Overlord  
  22  2:12  Roach Warren  
  22  2:15  Zergling x4  
  23  2:25  Zergling x2, Metabolic Boost  
  24  2:36  Zergling x2  
  26  2:51  Zergling x2  
  26  2:59  Zerg Melee Weapons Level 1  
  26  3:08  Roach x2  
  26  3:10  Overlord  
  30  3:28  Roach  
  30  3:30  Roach  
  30  3:32  Zergling x2  
  35  3:36  Zergling x2  
  35  3:37  Zergling x4  
  38  3:54  Spine Crawler  
  37  3:59  Zergling x2  
  34  4:19  Overlord  
  34  4:20  Overlord  
  34  4:27  Lair, Extractor  
  34  4:29  Drone  
  29  4:35  Zergling x2  
  30  4:49  Zergling x4  
  30  4:50  Zergling x6  
  35  4:54  Zerg Ground Armor Level 1  
  35  4:59  Drone  
  28  5:14  Zergling x2  
  28  5:19  Roach  
  28  5:20  Roach x2  
  35  5:24  Roach  
  37  5:33  Drone  
  38  5:55  Overlord  
  38  5:59  Hatchery  
  38  6:00  Overlord  
  37  6:19  Glial Reconstitution  
  37  6:21  Drone  
  37  6:22  Drone x2  
  40  6:41  Zergling x4  
  40  6:42  Zergling x2  
  43  6:56  Roach  
  43  6:57  Roach x2  
  48  7:02  Queen  
  43  7:29  Zergling x10  
  48  7:30  Zergling x6  
  48  7:34  Drone  
  41  7:58  Spine Crawler  
  41  8:00  Drone x2  
  42  8:15  Roach x2  
  42  8:16  Roach x4  
  38  8:39  Zergling x2  
  38  8:40  Zergling x14  
  40  8:56  Drone  
  41  9:10  Roach x5  
  51  9:21  Hatchery  
  35  10:02  Roach x4  
  35  10:03  Roach x2  
  45  10:32  Spire  
  44  10:37  Zergling x4  
  44  10:38  Zergling x4  
  48  10:53  Zergling x8  
  52  10:58  Zergling x2  
  50  11:38  Drone x2  
  50  11:39  Drone  
  35  11:59  Mutalisk x3  
  29  12:02  Mutalisk  
  27  12:55  Mutalisk x3  
Show
View Real Time Build Order
Export as new Build Order

butterbuck Protoss 

Build Orders:  

Get SALT Encoding   

  1  0:00  Probe  
  12  0:05  Probe  
  14  0:24  Pylon  
  14  0:26  Probe  
  15  0:42  Forge, Probe  
  16  1:00  Pylon  
  16  1:07  Pylon  
  16  1:12  Pylon  
  16  1:22  Probe  
  17  1:34  Probe  
  18  1:46  Probe  
  19  1:55  Photon Cannon  
  19  1:58  Photon Cannon, Probe  
  20  2:02  Gateway  
  20  2:06  Assimilator  
  20  2:09  Assimilator  
  20  2:10  Probe  
  21  2:27  Nexus  
  21  2:35  Probe  
  21  2:43  Probe  
  22  2:47  Pylon  
  23  3:02  Cybernetics Core  
  23  3:05  Pylon, Probe  
  23  3:08  Pylon  
  24  3:17  Photon Cannon  
  24  3:27  Photon Cannon  
  24  3:35  Warp Gate  
  24  3:40  Gateway  
  24  3:43  Probe  
  25  3:51  Probe  
  26  3:59  Probe  
  26  4:07  Probe  
  27  4:10  Photon Cannon  
  27  4:16  Photon Cannon  
  28  4:18  Probe  
  29  4:30  Probe  
  34  4:36  Adept x2  
  34  4:39  Protoss Ground Weapons Level 1  
  34  4:41  Probe  
  34  4:44  Gateway  
  35  4:46  Gateway  
  35  4:50  Probe  
  35  4:58  Probe  
  36  5:06  Adept  
  39  5:08  Probe  
  40  5:21  Probe  
  41  5:25  Robotics Facility  
  41  5:35  Gateway  
  41  5:38  Gateway  
  41  5:45  Adept x3  
  41  5:46  Adept  
  41  5:47  Probe  
  49  5:55  Assimilator, Probe  
  51  6:05  Probe  
  52  6:15  Photon Cannon  
  52  6:17  Pylon  
  52  6:20  Pylon  
  52  6:29  Adept  
  52  6:30  Adept x3  
  52  6:56  Stalker x2  
  52  6:57  Stalker  
  52  6:58  Stalker x2  
  57  7:05  Probe  
  57  7:06  Probe  
  57  7:10  Protoss Ground Armor Level 1  
  57  7:14  Probe  
  58  7:18  Probe  
  58  7:19  Stalker  
  62  7:23  Probe  
  62  7:28  Pylon, Probe  
  63  7:34  Pylon  
  63  7:36  Probe  
  64  7:41  Stalker  
  64  7:42  Stalker  
  69  7:44  Probe  
  69  7:47  Observer  
  71  7:57  Probe  
  72  7:58  Photon Cannon  
  72  8:01  Photon Cannon  
  72  8:07  Photon Cannon  
  72  8:09  Probe  
  72  8:12  Stalker x2  
  77  8:22  Immortal  
  81  9:06  Immortal  
  85  9:18  Probe  
  86  9:25  Zealot  
  86  9:26  Zealot x3  
  94  9:34  Pylon  
  94  9:39  Nexus, Protoss Shields Level 1  
  94  9:45  Immortal  
  94  9:52  Twilight Council, Probe  
  99  10:11  Zealot  
  101  10:22  Observer  
  101  10:23  Pylon  
  101  10:28  Pylon  
  102  10:29  Pylon  
  102  10:31  Pylon  
  102  10:38  Assimilator  
  102  10:43  Stalker x3  
  102  10:44  Stalker  
  102  10:47  Zealot x2  
  114  11:12  Charge  
  114  11:24  Pylon  
  114  11:25  Protoss Ground Weapons Level 2  
  72  12:19  Probe  
  57  12:29  Stalker  
  59  12:30  Stalker x4  
  59  12:31  Stalker, Probe  
  70  12:43  Probe  
  71  12:44  Immortal  
  75  12:55  Probe  
  75  12:58  Zealot x5  
  60  12:59  Zealot  
  58  13:07  Probe  
  47  13:21  Zealot x3  
  47  13:22  Zealot x3  
Show
View Real Time Build Order
Export as new Build Order

Throwfordays Protoss - Winner!

Build Orders: Carriers 

Get SALT Encoding   

  12  0:00  Probe  
  13  0:13  Pylon  
  13  0:16  Probe  
  14  0:24  Probe  
  15  0:35  Gateway  
  15  0:37  Probe  
  16  0:47  Assimilator  
  16  0:49  Probe  
  17  1:09  Probe  
  18  1:15  Zealot  
  20  1:38  Probe  
  21  1:50  Probe  
  22  2:02  Probe  
  22  2:14  Probe  
  23  2:16  Cybernetics Core  
  23  2:31  Assimilator  
  23  2:32  Warp Gate  
  23  2:47  Nexus  
  23  2:57  Pylon  
  23  3:04  Pylon  
  23  3:15  Stalker  
  23  3:18  Pylon  
  25  3:24  Pylon  
  25  3:28  Probe  
  26  3:36  Stargate  
  26  3:40  Probe  
  27  3:53  Forge  
  27  4:07  Robotics Facility  
  27  4:10  Gateway  
  27  4:21  Probe  
  27  4:29  Adept, Probe  
  31  4:39  Probe  
  31  4:43  Protoss Air Weapons Level 1  
  32  4:51  Probe  
  33  5:00  Oracle, Stalker  
  33  5:03  Probe  
  39  5:15  Probe  
  39  5:16  Assimilator  
  39  5:19  Protoss Ground Weapons Level 1  
  39  5:20  Assimilator  
  40  5:27  Probe  
  41  5:38  Probe  
  41  5:40  Probe  
  41  5:41  Oracle  
  43  5:49  Probe  
  46  5:50  Probe  
  48  5:57  Probe  
  48  6:02  Probe  
  50  6:06  Probe  
  51  6:14  Probe, Immortal  
  51  6:15  Stalker  
  51  6:16  Stalker  
  51  6:18  Probe  
  61  6:26  Probe  
  61  6:30  Probe  
  63  6:39  Probe  
  64  6:42  Probe  
  62  7:10  Immortal  
  62  7:11  Void Ray  
  70  7:35  Nexus  
  70  7:36  Pylon x2  
  70  7:38  Pylon  
  70  7:39  Pylon, Protoss Ground Armor Level 1  
  70  7:40  Pylon  
  70  7:41  Pylon  
  70  7:43  Pylon  
  70  7:45  Pylon  
  70  7:48  Twilight Council  
  70  7:52  Stargate  
  70  7:55  Protoss Air Armor Level 1, Probe  
  70  8:03  Probe  
  70  8:05  Void Ray  
  71  8:11  Assimilator  
  76  8:15  Assimilator  
  76  8:23  Probe  
  76  8:26  Probe  
  78  8:35  Probe  
  78  8:36  Nexus  
  78  8:37  Void Ray  
  78  8:38  Probe  
  78  8:39  Pylon  
  84  8:42  Pylon  
  84  8:47  Probe  
  84  8:48  Fleet Beacon  
  85  8:50  Probe  
  86  8:57  Probe  
  87  9:05  Probe  
  88  9:10  Probe  
  88  9:13  Probe  
  88  9:15  Probe  
  90  9:20  Stalker  
  90  9:22  Probe  
  94  9:25  Probe  
  94  9:27  Probe  
  94  9:29  Void Ray  
  100  9:34  Probe  
  100  9:38  Probe  
  102  9:39  Probe  
  102  9:42  Assimilator  
  102  9:44  Adept x2  
  106  9:46  Assimilator  
  106  9:47  Probe  
  106  9:50  Probe  
  105  9:57  Probe  
  105  9:59  Probe  
  105  10:05  Probe  
  106  10:07  Probe  
  106  10:13  Probe  
  108  10:15  Probe  
  108  10:19  Probe  
  111  10:21  Probe  
  111  10:25  Probe  
  111  10:27  Probe  
  114  10:29  Void Ray  
  114  10:30  Void Ray  
  114  10:31  Probe  
  114  10:32  Immortal  
  127  10:37  Probe  
  127  10:39  Probe  
  127  10:40  Protoss Ground Weapons Level 2  
  129  10:43  Probe  
  129  10:48  Forge, Probe  
  129  10:49  Protoss Air Weapons Level 2, Probe  
  131  10:50  Cybernetics Core  
  131  10:55  Probe  
  131  10:56  Probe  
  134  11:06  Probe  
  135  11:13  Immortal  
  135  11:14  Stargate  
  135  11:15  Stargate  
  135  11:18  Probe  
  140  11:20  Carrier  
  140  11:21  Protoss Shields Level 1  
  140  11:22  Carrier  
  152  11:30  Probe  
  152  11:32  Protoss Air Armor Level 2  
  126  12:16  Carrier  
  126  12:17  Carrier  
  138  12:30  Carrier x2  
  138  12:32  Stalker x2  
  138  12:36  Immortal  
  158  12:38  Probe  
  158  12:43  Anion Pulse-Crystals  
  159  12:50  Probe  
  160  12:54  Pylon  
  160  13:00  Pylon  
  160  13:02  Pylon, Probe  
  160  13:04  Pylon  
  161  13:06  Robotics Facility  
  161  13:08  Robotics Facility  
  161  13:09  Stalker x2  
  165  13:14  Stargate  
  165  13:16  Stargate  
  165  13:19  Immortal  
  169  13:47  Stalker  
  169  13:48  Stalker  
Show
View Real Time Build Order
Export as new Build Order

Faust Zerg - Winner!

Build Orders: Hatch First 

Get SALT Encoding   

  12  0:02  Drone  
  13  0:08  Drone  
  14  0:19  Extractor  
  14  0:20  Drone  
  15  0:23  Overlord  
  15  0:44  Drone x2  
  17  0:54  Hatchery  
  16  0:58  Drone  
  16  1:01  Extractor  
  16  1:03  Drone  
  17  1:19  Spawning Pool  
  17  1:21  Drone  
  17  1:29  Drone  
  17  1:30  Drone  
  19  2:06  Queen, Metabolic Boost  
  19  2:07  Queen  
  23  2:10  Zergling x4  
  23  2:11  Zergling x2  
  23  2:12  Zergling x2  
  27  2:18  Overlord  
  27  2:29  Baneling Nest  
  27  2:30  Drone  
  27  2:37  Drone x2  
  27  2:42  Overlord  
  29  2:54  Zergling x6  
  32  3:02  Lair  
  32  3:15  Drone x3  
  35  3:20  Baneling x2  
  35  3:25  Drone x3  
  38  3:30  Overlord  
  38  3:35  Baneling x2  
  38  3:38  Drone x2  
  40  3:58  Drone x2  
  40  3:59  Drone x2  
  40  4:00  Drone x3  
  40  4:01  Overlord  
  47  4:06  Extractor  
  43  4:16  Zergling x2  
  43  4:17  Zergling x6  
  47  4:30  Zergling x4  
  47  4:31  Zergling x6  
  49  4:32  Baneling  
  49  4:33  Baneling  
  49  4:38  Spore Crawler, Drone x3  
  51  4:39  Overlord  
  51  4:44  Extractor, Drone  
  48  5:04  Evolution Chamber x2  
  45  5:08  Drone x2  
  45  5:11  Zergling x2  
  45  5:12  Zergling x14  
  55  5:16  Extractor  
  55  5:18  Overlord  
  54  5:25  Hatchery  
  54  5:27  Infestation Pit  
  52  5:29  Drone x2  
  52  5:31  Zerg Melee Weapons Level 1  
  54  5:37  Zerg Ground Armor Level 1  
  54  5:49  Drone x2  
  56  5:50  Drone x3  
  56  5:52  Drone x2  
  48  6:32  Zergling x2  
  48  6:33  Zergling x18  
  48  6:38  Hive  
  57  6:43  Drone x3  
  62  6:57  Hydralisk Den  
  62  7:00  Roach Warren  
  57  7:01  Zergling x2  
  57  7:02  Zergling x8  
  57  7:05  Zergling x12  
  60  7:15  Zergling x4  
  60  7:20  Baneling  
  60  7:21  Baneling x3  
  57  7:42  Zergling x14  
  57  7:43  Zergling x6  
  66  7:45  Zerg Melee Weapons Level 2  
  66  7:46  Zerg Ground Armor Level 2  
  63  7:58  Extractor  
  63  8:00  Hatchery  
  63  8:02  Zergling x4  
  63  8:03  Zergling x6  
  58  8:36  Drone  
  58  8:37  Drone x8  
  67  8:43  Drone  
  67  8:45  Spire  
  61  8:48  Hydralisk  
  61  8:50  Ultralisk Cavern  
  58  8:57  Burrow  
  58  9:00  Hydralisk x3  
  64  9:09  Overlord x2  
  64  9:11  Overlord  
  64  9:15  Drone x6  
  70  9:32  Centrifical Hooks  
  70  9:36  Baneling x7  
  70  9:38  Zergling x18  
  79  10:00  Drone  
  79  10:01  Drone x3  
  79  10:04  Greater Spire  
  83  10:07  Queen  
  83  10:11  Overlord x2  
  83  10:12  Overlord x5  
  85  10:18  Hatchery, Adrenal Glands  
  84  10:22  Chitinous Plating  
  84  10:27  Zerg Melee Weapons Level 3  
  84  10:35  Zerg Ground Armor Level 3  
  84  10:38  Drone  
  84  10:40  Extractor, Drone  
  84  10:41  Drone x2  
  87  10:43  Drone  
  88  11:00  Lurker Den  
  87  11:04  Drone  
  87  11:05  Drone x11  
  81  11:34  Ultralisk x4  
  81  11:36  Zergling x6  
  81  11:37  Zergling x4  
  100  11:58  Zergling x8  
  98  12:01  Ultralisk  
  98  12:02  Ultralisk x2  
  114  12:08  Zergling x2  
  114  12:09  Zergling x8  
  117  12:18  Ultralisk  
  122  12:23  Drone  
  122  12:24  Queen, Drone x3  
  122  12:29  Anabolic Synthesis  
  127  12:38  Hatchery  
  125  12:46  Corruptor x2  
  117  13:29  Zergling x2  
  117  13:30  Zergling x12  
Tags
 
Add a new tag
Caveats
  • Supply blocks, unpowered buildings, or Contaminate may cause inaccurate times.
  • Supply counts are checked every 10 seconds.